 Dungeon Crawl Stone Soup version 0.20.1-1-g8b1a95d (webtiles) character file.

77 digijack the Twirler (level 4, 0/38 HPs)
             Began as a Minotaur Gladiator on Oct 7, 2017.
             Was an Initiate of Okawaru.
             Succumbed to Crazy Yiuf's poison
             ... on level 2 of the Dungeon on Oct 8, 2017.
             The game lasted 00:21:05 (2121 turns).

digijack the Twirler (Minotaur Gladiator)           Turns: 2121, Time: 00:21:06

Health: 0/38       AC:  3    Str: 19    XL:     4   Next: 13%
Magic:  3/3        EV: 13    Int:  5    God:    Okawaru [......]
Gold:   88         SH:  0    Dex: 12    Spells: 3/3 levels left

rFire    . . .     SeeInvis .   a - +0 quarterstaff
rCold    . . .     Gourm    .   (shield currently unavailable)
rNeg     . . .     Faith    .   b - +0 leather armour
rPois    .         Spirit   .   c - +0 hat
rElec    .         Reflect  .   (no cloak)
rCorr    .         Harm     .   (no gloves)
MR       .....                  (no boots)
Stlth    +.........             (no amulet)
Regen    0.2/turn               (no ring)
MPRegen  0.1/turn               (no ring)

@: lethally poisoned (0 -> -5)
A: retaliatory headbutt, horns 2
a: Renounce Religion


You were on level 2 of the Dungeon.
You worshipped Okawaru.
Okawaru was noncommittal.
You were hungry.

You visited 1 branch of the dungeon, and saw 2 of its levels.

You collected 88 gold pieces.

Inventory:

Hand Weapons
 a - a +0 quarterstaff (weapon)
 n - a +2 quarterstaff of chaos
Missiles
 d - 3 throwing nets
 g - 81 stones (quivered)
 k - 16 bolts
 m - 27 arrows
Armour
 b - a +0 leather armour (worn)
 c - a +0 hat (worn)
 e - a +0 leather armour
 p - a +0 ring mail
 q - a +0 cloak
Scrolls
 i - a scroll of identify
 j - a scroll of remove curse
 l - a scroll of magic mapping
Comestibles
 f - 2 bread rations
 h - 4 fruits
 o - 2 chunks of flesh


   Skills:
 * Level 3.1 Fighting
 * Level 5.1 Staves
 + Level 2.0 Throwing
 + Level 0.2 Armour
 + Level 3.8 Dodging


You had 3 spell levels left.
You didn't know any spells.

Dungeon Overview and Level Annotations

Branches:
Dungeon (2/15)

Altars:
Okawaru
Qazlal
Vehumet


Innate Abilities, Weirdness & Mutations

You reflexively headbutt those who attack you in melee.
You have a pair of horns on your head.


Message History

You feel sick.
Crazy Yiuf hits you with a quarterstaff of chaos.
* * * LOW HITPOINT WARNING * * *
Crazy Yiuf freezes you.
* * * LOW HITPOINT WARNING * * *
You hit Crazy Yiuf.
You kill Crazy Yiuf!
Okawaru accepts your kill.
Your Fighting skill increases to level 3!
Your Staves skill increases to level 5!
You have reached level 4!
You feel agile.
* * * LOW HITPOINT WARNING * * *
You feel sick.
Unknown command.
There is a lethal amount of poison in your body!
Things that are here:
a quarterstaff of chaos; a cloak
n - a quarterstaff of chaos;
q - a cloak You die...

#.....#......# ##.# #.
#####......############..#######.
.# ##.........[.................
.# ##################.#########
.#### #.# ....# #.# ....####♣♣
##### #.# ....#....♣♣ ♣♣#..)#
##.# .........P♣♣♣♣.'@..# #..#
........P..♣..♣#...# ####
.#####..P.♣.♣♣♣##### ## ###♣♣♣♣♣


There were no monsters in sight!

Vanquished Creatures
  Crazy Yiuf (D:2)
  2 adders (D:2)
  A worm (D:2)
  2 leopard geckos
  2 giant cockroaches (D:1)
  3 hobgoblins (D:1)
  4 kobolds
  A quokka (D:2)
  2 bats (D:1)
  4 frilled lizards
  4 goblins
  A rat (D:1)
  A fungus (D:2)
28 creatures vanquished.

Notes
Turn   | Place    | Note
-------+----------+-------------------------------------------
     0 | D:1      | digijack the Minotaur Gladiator began the quest for the Orb.
     0 | D:1      | Reached XP level 1. HP: 18/18 MP: 0/0
   263 | D:1      | Reached XP level 2. HP: 25/25 MP: 1/1
   822 | D:1      | Reached skill level 4 in Staves
  1223 | D:2      | Reached XP level 3. HP: 30/30 MP: 2/2
  1458 | D:2      | Found a radiant altar of Vehumet.
  1460 | D:2      | Found an iron altar of Okawaru.
  1472 | D:2      | Found a stormy altar of Qazlal.
  1498 | D:2      | Became a worshipper of Warmaster Okawaru
  2108 | D:2      | Found a runed door.
  2112 | D:2      | Noticed Crazy Yiuf
  2118 | D:2      | HP: 1/30 [Crazy Yiuf/quarterstaff of chaos (1)]
  2119 | D:2      | Killed Crazy Yiuf
  2119 | D:2      | Reached skill level 5 in Staves
  2119 | D:2      | Reached XP level 4. HP: 2/38 MP: 3/3
  2121 | D:2      | Succumbed to Crazy Yiuf's poison

Skill      XL: |  1  2  3 |
---------------+----------+-----
Staves         | 4 5 |  5.1
Fighting       | 3 |  3.1
Throwing       | |  2.0
Armour         | |  0.2
Dodging        | |  3.8

Action                   |  1- 3 |  4- 6 || total
-------------------------+-------+-------++-------
Melee: Quarterstaff      |    65 |       ||    65
       Headbutt          |     6 |       ||     6
  Use: Scroll            |     4 |       ||     4
       Potion            |     4 |       ||     4
  Eat: Chunk             |     2 |       ||     2
       Fruit             |     1 |       ||     1
Armor: Leather armour    |    13 |       ||    13
Dodge: Dodged            |    35 |       ||    35
